Map: Orbital Shipyard

Players

puCK (Nina) - Winner!

  • Race: Protoss Protoss
  • League: Grandmaster

Zanster

  • Race: Zerg Zerg

Event: Root's WW3

VOD

Have the link to the VOD?

Description

Time

  • Played on: Dec. 11, 2015, 4:52 a.m.
  • Length: 9:17

All games in this series

Show
View Real Time Build Order
Export as new Build Order

puCK Protoss - Winner!

Build Orders: Nexus First 

Get SALT Encoding   

  12  0:01  Probe (Chrono Boost)  
  13  0:12  Probe (Chrono Boost)  
  14  0:17  Pylon  
  14  0:22  Probe (Chrono Boost)  
  15  0:36  Probe (Chrono Boost)  
  16  0:46  Probe (Chrono Boost)  
  17  0:57  Nexus  
  17  1:00  Probe (Chrono Boost)  
  18  1:09  Gateway  
  18  1:12  Probe (Chrono Boost)  
  18  1:17  Assimilator  
  19  1:23  Probe (Chrono Boost)  
  20  1:25  Assimilator  
  20  1:33  Pylon  
  20  1:34  Probe (Chrono Boost)  
  21  1:45  Probe (Chrono Boost)  
  22  1:52  Gateway  
  22  1:57  Cybernetics Core  
  22  2:01  Probe (Chrono Boost)  
  23  2:11  Probe (Chrono Boost)  
  23  2:12  Probe (Chrono Boost)  
  25  2:21  Probe (Chrono Boost)  
  27  2:23  Probe (Chrono Boost)  
  27  2:32  Probe (Chrono Boost)  
  27  2:33  Probe (Chrono Boost)  
  27  2:34  Adept, Warp Gate  
  31  2:38  Adept  
  31  2:43  Mothership Core (Chrono Boost)  
  31  2:44  Probe (Chrono Boost)  
  36  2:54  Probe (Chrono Boost)  
  37  3:01  Probe (Chrono Boost)  
  37  3:05  Probe (Chrono Boost)  
  39  3:09  Nexus  
  39  3:11  Probe (Chrono Boost)  
  40  3:15  Sentry  
  44  3:20  Probe (Chrono Boost)  
  44  3:23  Probe (Chrono Boost)  
  46  3:27  Pylon  
  46  3:31  Probe (Chrono Boost)  
  46  3:33  Probe (Chrono Boost)  
  46  3:35  Twilight Council  
  46  3:46  Probe x2 (Chrono Boost)  
  48  3:56  Probe x2 (Chrono Boost)  
  48  3:58  Robotics Facility  
  48  3:59  Gateway  
  48  4:01  Pylon  
  50  4:06  Probe (Chrono Boost)  
  50  4:07  Probe (Chrono Boost)  
  50  4:09  Pylon  
  52  4:11  Blink (Chrono Boost)  
  52  4:15  Probe  
  50  4:18  Probe  
  50  4:21  Gateway  
  52  4:26  Gateway  
  52  4:28  Gateway  
  52  4:29  Probe  
  52  4:30  Probe x2  
  54  4:37  Assimilator  
  53  4:40  Probe  
  53  4:42  Sentry x2  
  53  4:43  Probe  
  53  4:44  Probe  
  60  4:48  Assimilator  
  60  4:50  Probe, Observer (Chrono Boost)  
  60  4:52  Phoenix  
  62  4:55  Gateway  
  62  4:56  Gateway  
  61  5:05  Probe  
  62  5:08  Gateway, Pylon  
  62  5:11  Sentry  
  62  5:12  Pylon  
  62  5:13  Warp Prism (Chrono Boost)  
  66  5:15  Probe  
  66  5:19  Probe  
  66  5:21  Probe  
  69  5:25  Probe  
  70  5:30  Probe  
  70  5:31  Stalker x3  
  70  5:33  Probe  
  78  5:36  Probe  
  78  5:40  Probe  
  80  5:45  Probe  
  80  5:46  Probe  
  80  5:47  Robotics Bay  
  82  5:50  Assimilator  
  82  5:51  Probe, Zealot, Assimilator  
  85  5:57  Probe  
  85  6:02  Pylon  
  86  6:04  Pylon  
  86  6:07  Adept  
  86  6:08  Adept x4  
  86  6:09  Adept  
  98  6:11  Adept  
  98  6:19  Pylon  
  98  6:21  Pylon  
  96  6:27  Adept x2  
  96  6:30  Adept x2  
  96  6:31  Adept x4  
  112  6:44  Sentry  
  110  6:51  Sentry x3  
  110  6:53  Adept  
  114  6:55  Zealot x4  
  122  7:02  Pylon  
  122  7:03  Pylon  
  122  7:15  Stalker x3  
  122  7:16  Stalker x3  
  132  7:23  Stalker x3  
  134  7:32  Probe  
  134  7:36  Robotics Facility  
  133  7:49  Warp Prism (Chrono Boost)  
  125  7:59  Stalker x5  
  125  8:00  Stalker x3  
  141  8:11  Pylon  
  141  8:16  Pylon  
  141  8:19  Pylon  
  141  8:22  Disruptor (Chrono Boost)  
  147  8:28  Disruptor (Chrono Boost)  
  147  8:29  Nexus  
  147  8:30  Pylon  
  147  8:31  Pylon  
  147  8:53  Stalker x3  
  147  8:54  Stalker x5  
Show
View Real Time Build Order
Export as new Build Order

Zanster Zerg 

Build Orders: 3 Hatch before Pool, Lurkers 

Get SALT Encoding   

  12  0:00  Drone  
  13  0:13  Overlord  
  13  0:18  Drone  
  14  0:33  Drone x2  
  14  0:35  Drone  
  17  0:52  Hatchery  
  17  0:55  Drone  
  17  0:58  Drone  
  18  1:08  Drone  
  19  1:21  Hatchery  
  19  1:23  Drone  
  19  1:36  Spawning Pool  
  19  1:39  Drone  
  19  1:42  Drone  
  19  1:44  Extractor  
  19  1:51  Drone  
  20  2:02  Drone  
  20  2:05  Drone  
  22  2:12  Drone  
  23  2:15  Drone  
  24  2:23  Queen x2  
  24  2:24  Overlord  
  28  2:35  Zergling x2  
  29  2:37  Drone  
  29  2:38  Drone x2  
  29  2:41  Queen  
  34  2:46  Metabolic Boost  
  34  2:48  Drone  
  35  2:53  Drone  
  35  2:54  Drone  
  37  2:59  Queen  
  37  3:02  Drone  
  40  3:06  Overlord  
  40  3:08  Drone  
  40  3:10  Drone  
  41  3:20  Zergling x2  
  41  3:23  Overlord  
  41  3:26  Zergling x6  
  45  3:28  Drone  
  45  3:30  Drone  
  45  3:32  Overlord  
  47  3:35  Drone x3  
  50  3:44  Zergling x4  
  50  3:47  Drone x3  
  53  3:50  Drone x4  
  53  3:53  Drone  
  57  3:56  Drone x2  
  57  4:02  Lair  
  59  4:04  Extractor  
  59  4:05  Drone, Roach Warren  
  59  4:06  Extractor  
  57  4:13  Zergling x8  
  57  4:16  Drone  
  57  4:17  Drone x4  
  65  4:21  Overlord  
  65  4:22  Overlord  
  65  4:33  Overlord  
  65  4:38  Overlord  
  65  4:41  Drone x4  
  65  4:45  Overlord  
  69  4:46  Overlord  
  69  4:50  Drone x2  
  69  4:51  Drone x2  
  69  4:52  Drone  
  74  4:53  Drone, Overlord  
  74  4:58  Overlord  
  75  5:01  Evolution Chamber  
  75  5:03  Evolution Chamber  
  75  5:04  Hydralisk Den  
  75  5:06  Drone x2  
  73  5:08  Extractor  
  73  5:09  Extractor  
  73  5:11  Hatchery  
  70  5:15  Zergling x10  
  70  5:21  Drone x4  
  77  5:22  Drone x2, Extractor  
  77  5:24  Drone  
  77  5:27  Zerg Ground Armor Level 1  
  81  5:28  Zerg Melee Weapons Level 1  
  81  5:29  Drone  
  81  5:30  Drone  
  81  5:33  Drone  
  81  5:34  Lurker Den  
  84  5:38  Drone x2  
  84  5:39  Drone  
  87  5:45  Hydralisk x3  
  87  5:47  Hydralisk  
  95  5:52  Hydralisk x2  
  99  6:02  Hydralisk x2  
  103  6:05  Hatchery, Zergling x2  
  103  6:06  Zergling x4  
  103  6:11  Hydralisk  
  105  6:12  Zergling x8  
  105  6:14  Overlord  
  110  6:21  Zergling x6  
  110  6:25  Zergling x4  
  107  6:31  Zergling x10  
  112  6:33  Hydralisk  
  112  6:34  Hydralisk x2  
  118  6:45  Zergling x10  
  116  6:49  Hydralisk  
  116  6:50  Hydralisk  
  116  6:53  Hydralisk  
  110  6:57  Hydralisk  
  110  6:58  Hydralisk, Zergling x2  
  110  6:59  Zergling x8  
  121  7:07  Hydralisk  
  121  7:08  Zergling x12  
  127  7:14  Zergling x10  
  125  7:18  Lurker x2  
  125  7:19  Lurker  
  125  7:22  Overlord x2  
  125  7:33  Overlord x2  
  125  7:34  Overlord  
  124  7:42  Hydralisk x5  
  120  7:51  Lurker x2  
  120  7:52  Lurker x2  
  120  7:58  Zergling x10  
  114  8:22  Drone  
  114  8:23  Hatchery, Drone x3  
  114  8:24  Lurker  
  114  8:25  Lurker  
  118  8:47  Drone  
  118  8:48  Drone x4  
  123  8:49  Drone x2  
  125  9:06  Hatchery  
Tags
 
Add a new tag
Caveats
  • Supply blocks, unpowered buildings, or Contaminate may cause inaccurate times.
  • Supply counts are checked every 10 seconds.